 Dungeon Crawl Stone Soup version 0.31-a0-986-g5e6e4ef867 (webtiles) character file.

Game seed: 18322796712061434124

99093 Lobster4 the Marksminotaur (level 15, -15/144 HPs)
             Began as a Minotaur Hunter on Nov 16, 2023.
             Was the Champion of Fedhas.
             Demolished by a skeletal warrior
             ... wielding a +0 mace
              (26 damage)
             ... on level 14 of the Dungeon.
             The game lasted 01:26:20 (22211 turns).

Lobster4 the Marksminotaur (Minotaur Hunter)       Turns: 22211, Time: 01:26:20

Health: -15/144    AC: 12    Str: 16    XL:     15   Next: 76%
Magic:  20/20      EV: 22    Int:  5    God:    Fedhas [******]
Gold:   981        SH:  0    Dex: 30    Spells: 18/20 levels left

rFire   . . .        a - +5 orcbow
rCold   + + +        (shield currently unavailable)
rNeg    . . .        t - +0 leather armour of Desitomi {rElec Will+ Regen+}
rPois   +            l - +0 hat of Protective Custody {rC+ Int+2}
rElec   +            R - +2 cloak
rCorr   .            J - +0 pair of gloves of Berenweusa {Harm rC+++ Int-3 Dex+3}
SInv    .            r - +2 pair of boots
Will    ++...        g - amulet of regeneration
Stlth   ++           x - +6 ring of dexterity
HPRegen 2.04/turn    M - ring of poison resistance
MPRegen 0.17/turn

%: harm (+30% outgoing, +20% incoming)
@: about to teleport
A: horns 2, retaliatory headbutt
a: Renounce Religion, Wall of Briars, Grow Ballistomycete, Overgrow, Grow Oklob


You were on level 14 of the Dungeon.
You worshipped Fedhas.
Fedhas was exalted by your worship.
You visited 4 branches of the dungeon, and saw 23 of its levels.
You also visited: Bailey.

You collected 2248 gold pieces.
You spent 1267 gold pieces at shops.

Inventory:

Hand Weapons
 a - a +5 orcbow (weapon)
 b - a +5 dire flail
 j - a +0 shortbow
 z - a +1 halberd of freezing
 P - a +1 great sword
 S - a +2 orcbow of draining
 W - a +1 arbalest of freezing
 X - a +0 demon trident of electrocution
 Z - a +4 great sword of protection
Missiles
 y - 4 silver javelins
Armour
 i - a +1 pair of gloves
 l - the +0 hat of Protective Custody (worn) {rC+ Int+2}
   (You acquired it on level 4 of the Lair of Beasts)

   Int+2:     It affects your intelligence (+2).
   rC+:       It protects you from cold.
 n - the +3 ring mail of Dithmenos's Generosity {SInv Stlth+}
   (You bought it in a shop on level 10 of the Dungeon)

   SInv:      It lets you see invisible.
   Stlth+:    It makes you more stealthy.
 r - a +2 pair of boots (worn)
 t - the +0 leather armour of Desitomi (worn) {rElec Will+ Regen+}
   (You found it on level 4 of the Dungeon)

   rElec:     It insulates you from electricity.
   Will+:     It increases your willpower.
   Regen+:    It increases your rate of health regeneration.
 A - a +0 ring mail of cold resistance
 E - a +2 robe of fire resistance
 J - the +0 pair of gloves of Berenweusa (worn) {Harm rC+++ Int-3 Dex+3}
   (You found it in a bailey)

   Int-3:     It affects your intelligence (-3).
   Dex+3:     It affects your dexterity (+3).
   rC+++:     It renders you almost immune to cold.
   Harm:      It increases damage dealt and taken.
 R - a +2 cloak (worn)
Magical Staves
 L - a staff of poison
Jewellery
 f - a ring of positive energy
 g - an amulet of regeneration (around neck)
 o - the ring of Evequq {+Blink rElec rC- Int+6}
   (You took it off an orc priest on level 4 of the Dungeon)

   [ring of intelligence]

   Int+6:     It affects your intelligence (+6).
   rC-:       It makes you vulnerable to cold.
   rElec:     It insulates you from electricity.
   +Blink:    It lets you blink.
 x - a +6 ring of dexterity (left hand)
 M - a ring of poison resistance (right hand)
Wands
 d - a wand of paralysis (4)
 h - a wand of mindburst (12)
 Q - a wand of roots (25)
 T - a wand of digging (3)
 V - a wand of flame (6)
 Y - a wand of acid (3)
Scrolls
 e - a scroll of fog
 p - a scroll of acquirement
 q - a scroll of teleportation
 B - 4 scrolls of immolation
 F - a scroll of fear
 I - a scroll of enchant armour
Potions
 c - 2 potions of ambrosia
 k - 2 potions of heal wounds
 m - 4 potions of curing
 s - 4 potions of lignification
 u - 2 potions of magic
 v - 4 potions of haste
 w - 7 potions of might
 C - 3 potions of brilliance
 D - a potion of mutation
 G - a potion of cancellation
 K - a potion of berserk rage
 N - a potion of invisibility
 O - 2 potions of resistance


   Skills:
 + Level 16.3 Fighting
 * Level 20.8 Ranged Weapons
 - Level 10.0 Armour
 - Level 10.0 Dodging
 - Level 1.0 Stealth
 - Level 3.0 Spellcasting
 - Level 5.0 Translocations
 - Level 8.0 Invocations
 - Level 3.0 Evocations


You had 18 spell levels left.
You knew the following spells:

 Your Spells              Type           Power      Damage    Failure   Level
a - Blink                 Tloc           10%        N/A       9%          2

Your spell library contained the following spells:

 Spells                   Type           Power      Damage    Failure   Level
 Lesser Beckoning         Tloc           10%        N/A       9%          2
 Momentum Strike          Conj/Tloc      6%         3d8       24%         2
 Slow                     Hex            0%         N/A       41%         1
 Summon Small Mammal      Summ           0%         N/A       41%         1
 Manifold Assault         Tloc           5%         N/A       50%         4
 Cigotuvi's Dreadful Rot  Necr/Pois/Air  0%         N/A       56%         2
 Ensorcelled Hibernation  Hex/Ice        0%         N/A       56%         2
 Passwall                 Tmut/Erth      0%         N/A       56%         2
 Static Discharge         Conj/Air       0%         3-3/arc   56%         2
 Sublimation of Blood     Necr           0%         N/A       56%         2
 Call Canine Familiar     Summ           0%         N/A       80%         3
 Confusing Touch          Hex            0%         N/A       80%         3
 Frozen Ramparts          Ice            0%         1d1       80%         3
 Ignite Poison            Fire/Tmut/Pois 0%         N/A       80%         3
 Sigil of Binding         Hex            0%         N/A       80%         3
 Summon Guardian Golem    Hex/Summ       0%         N/A       80%         3
 Swiftness                Air            0%         N/A       80%         3
 Tukima's Dance           Hex            0%         N/A       80%         3
 Vampiric Draining        Necr           0%         2d6       80%         3
 Dimensional Bullseye     Hex/Tloc       1%         N/A       85%         4
 Iskenderun's Mystic Bla  Conj/Tloc      3%         2d3       85%         4
 Airstrike                Air            0%         2d(0-16)  99%         4
 Petrify                  Tmut/Erth      0%         N/A       99%         4
 Summon Lightning Spire   Summ/Air       0%         N/A       99%         4
 Summon Forest            Summ/Tloc      1%         N/A       99%         5
 Freezing Cloud           Conj/Ice/Air   0%         6-21      100%        5
 Irradiate                Conj/Tmut      0%         3d11      100%        5
 Metabolic Englaciation   Hex/Ice        0%         N/A       100%        5
 Summon Mana Viper        Hex/Summ       0%         N/A       100%        5
 Summon Cactus Giant      Summ           0%         N/A       100%        6
 Malign Gateway           Summ/Tloc      1%         N/A       100%        7
 Summon Horrible Things   Summ           0%         N/A       100%        8


Dungeon Overview and Level Annotations

Branches:
Dungeon (15/15)            Temple (1/1) D:6            Lair (5/5) D:8
 Shoals (0/4) Lair:2       Spider (0/4) Lair:2        Slime (0/5) Lair:5
    Orc (2/2) D:9             Elf (0/3) Orc:2        Vaults (0/5) D:13
 Bailey (visited)
 Depths: D:15

Altars:
Ashenzari
Cheibriados
Dithmenos
Elyvilon
Fedhas
Gozag
Hepliaklqana
Kikubaaqudgha
Makhleb
Nemelex Xobeh
Okawaru
Qazlal
Ru
Sif Muna
Trog
Uskayaw
Vehumet
Wu Jian
Xom
Yredelemnul
Zin
The Shining One
Jiyva

Shops:
D:3 *   D:5 =   D:6 *   D:8 *   D:10 [(   D:12 (**(   D:14 ?   Orc:1 :=
Orc:2 ([=

Portals:
Hell: Lair:5

Annotations:
D:2 1 exclusion
D:11 1 exclusion
D:15 Azrael
Lair:3 1 runed translucent door, 2 transporters, wireframewife's ghost, journeyman KoDe


Innate Abilities, Weirdness & Mutations

You have a pair of horns on your head.
You reflexively headbutt those who attack you in melee.


Message History

Fedhas appreciates your contribution to the ecosystem.
You see here a +0 pair of boots.
The hell hound barks!
You hear a bark!
You hear an angry buzzing noise.
The hell hound breathes flames at you. The blast of flame misses you.
The hell hound breathes flames at you. The blast of flame hits you!
The green ugly thing basks in the mutagenic energy from its kin and changes!
There is a stone staircase leading up here.
You hear the crackling of a very distant melting archway.
You climb upwards.
The skeletal warrior hits you with a +0 scimitar!
There is a stone staircase leading down here.
You shoot an arrow. The arrow hits the skeletal warrior!
The skeletal warrior is lightly damaged.
You shoot an arrow. The arrow hits the skeletal warrior.
The skeletal warrior is lightly damaged.
The skeletal warrior closely misses you.
The skeletal warrior hits you with a +0 scimitar!!
The skeletal warrior hits you with a +0 mace.
You shoot an arrow.
The arrow closely misses the skeletal warrior.
The arrow hits the skeletal warrior!
The skeletal warrior is moderately damaged.
The skeletal warrior barely misses you.
The skeletal warrior completely misses you.
You furiously retaliate!
You headbutt the skeletal warrior, but do no damage.
The skeletal warrior hits you with a +0 scimitar!
The skeletal warrior hits you with a +0 mace!
You are too injured to fight recklessly!
As you read the scroll of teleportation, it crumbles to dust.
You feel strangely unstable.
The skeletal warrior hits you but does no damage.
The skeletal warrior hits you with a +0 scimitar!
The skeletal warrior hits you with a +0 scimitar!!
* * * LOW HITPOINT WARNING * * *
The skeletal warrior hits you with a +0 mace!!
You die...
Fedhas appreciates your contribution to the ecosystem.

#.....# #. #...#.### ##
###.##...## ##.....##..###
#.#####.##...#
#.#...#.####.#### #.#.z.#.#
#....### #.#.z.#.#
####...### #.#.@.#.#
##..... #.#.zz#.### #..###
#.#####^..# #..#
#)........# #..#
#.........# #..#
#.........# #..###
#.........######.....
#..................##
########..................#


You could see 4 skeletal warriors.

Vanquished Creatures
  Saint Roka (Orc:2)
  Jorgrun (D:15)
  Rupert (D:12)
  Louise (D:15)
  Josephine (D:10)
  2 catoblepae
  6 two-headed ogres
  4 hydras
  5 centaur warriors
  2 dancing weapons (D:13)
  2 tengu warriors (D:12)
  Urug (Lair:2)
  4 boulder beetles
  10 death yaks
  A sun demon (Lair:5)
  2 orc high priests (Orc:2)
  An occultist (Lair:5)
  A skyshark (Lair:4)
  5 skeletal warriors
  A lindwurm (Lair:5)
  Pikel (D:7)
  An orb spider (Lair:2)
  2 orc knights
  A deep elf pyromancer (D:14)
  2 orc sorcerers
  24 ugly things
  7 cyclopes
  3 manticores
  Joseph (D:10)
  An elephant (D:8)
  8 orange demons
  5 black mambas
  A torpor snail (Lair:1)
  2 gargoyles
  13 cane toads
  A kobold demonologist (D:11)
  7 rime drakes
  An unseen horror (D:12)
  2 efreet (D:14)
  11 komodo dragons
  2 ice devils (Lair:5)
  5 red devils
  4 tengu conjurers
  4 trolls
  2 meliai (D:15)
  A hellwing (Lair:5)
  A polar bear (Lair:5)
  2 hornets
  Grinder (D:3)
  5 dream sheep (Lair:4)
  A hornet (shapeshifter) (D:15)
  9 blink frogs
  A centaur simulacrum (D:11)
  A shadow (D:9)
  Sigmund (D:4)
  4 wraiths
  4 wyverns
  57 yaks
  A fire elemental (D:14)
  3 basilisks
  3 steam dragons
  Edmund (D:4)
  4 wargs (D:11)
  An acid dragon (D:11)
  Duvessa (D:7)
  A two-headed ogre zombie (D:9)
  7 hell hounds
  19 water moccasins
  2 black bears
  2 sky beasts
  A black bear (shapeshifter) (D:14)
  2 ice beasts
  32 orc warriors
  33 wolves
  3 boggarts (D:15)
  7 ogres
  11 centaurs
  2 phantoms (D:9)
  3 lemures (D:7)
  Blork the orc (D:4)
  3 gnoll sergeants
  A kobold brigand (D:9)
  5 scorpions
  22 bullfrogs
  15 wights
  Dowan (D:7)
  4 killer bees (D:9)
  3 troll zombies (D:9)
  3 howler monkeys
  2 electric eels (Lair:3)
  4 lava snakes
  10 jellies
  Crazy Yiuf (D:2)
  8 hounds
  16 orc priests
  19 orc wizards
  Natasha (thrice) (D:2)
  2 iguanas
  4 ogre zombies (D:9)
  Robin (D:4)
  25 gnolls
  8 adders
  2 shadow imps
  2 white imps
  5 worms
  A dart slug (D:4)
  96 orcs
  15 ball pythons
  5 bats
  10 endoplasms
  4 giant cockroaches
  12 goblins
  13 hobgoblins
  2 jackals (D:10)
  4 quokkas
  2 frilled lizards
  5 gnoll skeletons (D:9)
  2 gnoll zombies (D:9)
  13 kobolds
  3 orc skeletons (D:9)
  15 orc zombies (D:9)
  7 rats
  A spectral orc (D:7)
770 creatures vanquished.

Notes
Turn   | Place    | Note
-------+----------+-------------------------------------------
     0 | D:1      | Lobster4 the Minotaur Hunter began the quest for the Orb.
     0 | D:1      | Reached XP level 1. HP: 18/18 MP: 0/0
    83 | D:1      | Found a faded altar of an unknown god.
   116 | D:1      | Reached skill level 1 in Stealth
   141 | D:1      | Reached XP level 2. HP: 25/25 MP: 1/1
   278 | D:1      | Reached skill level 1 in Armour
   519 | D:2      | Reached XP level 3. HP: 30/30 MP: 2/2
   614 | D:2      | Noticed Natasha
   614 | D:2      | Found a shadowy altar of Dithmenos.
   707 | D:2      | Reached skill level 5 in Ranged Weapons
   880 | D:2      | Found a runed translucent door.
   881 | D:2      | Noticed Crazy Yiuf
   927 | D:2      | Killed Natasha
   928 | D:2      | Reached XP level 4. HP: 17/38 MP: 3/3
  1043 | D:2      | Identified the +0 morningstar of Scorn {chaos, *Rage rN+
                  | Dex+3}
  1159 | D:2      | Noticed Natasha
  1177 | D:2      | Killed Natasha
  1271 | D:2      | Noticed Natasha
  1275 | D:2      | Killed Natasha
  1743 | D:3      | Reached XP level 5. HP: 38/45 MP: 4/4
  2042 | D:3      | Noticed Grinder
  2050 | D:3      | Paralysed by Grinder for 5 turns
  2055 | D:3      | Killed Grinder
  2056 | D:3      | Reached skill level 6 in Ranged Weapons
  2056 | D:3      | Reached skill level 1 in Evocations
  2056 | D:3      | Reached XP level 6. HP: 52/52 MP: 5/5
  2266 | D:3      | Found Xyvid's General Store.
  2934 | D:4      | Noticed an ice beast
  2968 | D:4      | Reached skill level 7 in Ranged Weapons
  2968 | D:4      | Reached XP level 7. HP: 58/60 MP: 6/6
  2993 | D:4      | Identified the +0 leather armour of Desitomi {rElec Will+
                  | Regen+}
  3015 | D:4      | Noticed Sigmund
  3170 | D:4      | Reached skill level 5 in Fighting
  3254 | D:4      | Noticed Edmund
  3397 | D:4      | Noticed Blork the orc
  3404 | D:4      | Killed Blork the orc
  3417 | D:4      | Noticed Robin
  3433 | D:4      | Killed Robin
  3479 | D:4      | Identified the ring of Evequq {+Blink rElec rC- Int+6}
  4101 | D:5      | Entered Level 5 of the Dungeon
  4118 | D:5      | Reached skill level 8 in Ranged Weapons
  4284 | D:5      | Reached XP level 8. HP: 70/70 MP: 7/7
  4649 | D:5      | Found Alieng's Jewellery Emporium.
  4878 | D:6      | Reached skill level 9 in Ranged Weapons
  5232 | D:6      | Reached skill level 10 in Ranged Weapons
  5315 | D:6      | Found a staircase to the Ecumenical Temple.
  5325 | Temple   | Entered the Ecumenical Temple
  5343 | Temple   | Became a worshipper of Fedhas Madash
  5453 | D:6      | Found Ratzyg's Overcharged Wands.
  5601 | D:7      | Reached XP level 9. HP: 78/81 MP: 8/8
  5613 | D:7      | Reached skill level 1 in Invocations
  5627 | D:7      | Noticed Duvessa
  5644 | D:7      | Noticed Dowan
  5658 | D:7      | Killed Duvessa
  5668 | D:7      | Killed Dowan
  5843 | D:7      | Noticed Pikel
  6364 | D:7      | Killed Pikel
  6365 | D:7      | Reached skill level 11 in Ranged Weapons
  6509 | D:7      | Found a hazy altar of Hepliaklqana.
  6636 | D:7      | Reached * piety under Fedhas
  7045 | D:8      | Noticed a komodo dragon
  7168 | D:5      | Bought a ring of poison resistance for 280 gold pieces
  7385 | D:8      | Reached skill level 12 in Ranged Weapons
  7540 | D:8      | Found Jamoho's Neck Hole.
  7548 | D:8      | Reached XP level 10. HP: 91/91 MP: 12/12
  7603 | D:8      | Found a shimmering blue altar of Sif Muna.
  7604 | D:8      | Found a glowing golden altar of the Shining One.
  7802 | D:8      | Found a staircase to the Lair.
  7802 | D:8      | Noticed an elephant
  7866 | D:8      | Learned a level 2 spell: Blink
  8148 | D:8      | Reached ** piety under Fedhas
  8161 | D:8      | Reached skill level 1 in Translocations
  8165 | D:8      | Reached skill level 1 in Spellcasting
  8273 | D:9      | Found a flagged portal.
  8279 | Bailey   | Entered a bailey
  8541 | Bailey   | Noticed an orc knight
  8545 | Bailey   | Killed an orc knight
  8546 | Bailey   | Reached skill level 10 in Fighting
  8546 | Bailey   | Reached skill level 13 in Ranged Weapons
  8546 | Bailey   | Reached skill level 5 in Invocations
  8682 | Bailey   | Identified the +0 pair of gloves of Berenweusa {Harm rC+++
                  | Int-3 Dex+3}
  8818 | D:9      | Found an opulent altar of Gozag.
  8868 | D:9      | Reached *** piety under Fedhas
  8908 | D:9      | Found a burning altar of Makhleb.
  9106 | D:9      | Reached XP level 11. HP: 65/100 MP: 13/13
  9270 | D:9      | Found a staircase to the Orcish Mines.
  9291 | D:9      | Reached **** piety under Fedhas
  9292 | D:9      | Reached skill level 5 in Dodging
  9446 | D:9      | Noticed a two-headed ogre
  9447 | D:9      | Noticed a two-headed ogre
  9493 | D:9      | Killed a two-headed ogre
  9567 | D:9      | Killed a two-headed ogre
  9721 | D:10     | Entered Level 10 of the Dungeon
  9771 | D:10     | Noticed Joseph
  9932 | D:10     | Killed Joseph
 10071 | D:10     | Found Dattitya's Antique Armour Shop.
 10083 | D:10     | Bought a glimmering ring mail for 333 gold pieces
 10083 | D:10     | Identified the +3 ring mail of Dithmenos's Generosity {SInv
                  | Stlth+} (You bought it in a shop on level 10 of the
                  | Dungeon)
 10148 | D:10     | Reached ***** piety under Fedhas
 10231 | D:10     | Noticed Josephine
 10253 | D:10     | Killed Josephine
 10357 | D:10     | Found Yse Enku's Weapon Emporium.
 10509 | D:10     | Reached skill level 14 in Ranged Weapons
 10696 | D:11     | Identified the of Tinocre
 10696 | D:11     | Identified the "Biupno"
 11054 | D:11     | Reached skill level 5 in Armour
 11144 | D:11     | Noticed a two-headed ogre
 11423 | D:11     | Reached XP level 12. HP: 92/110 MP: 15/15
 11925 | Lair:3   | Identified the of Vofaul
 11925 | Orc:1    | Entered Level 1 of the Orcish Mines
 11989 | Orc:1    | Found Ececatan's Self-Improvement Boutique.
 12429 | Orc:1    | Reached skill level 15 in Ranged Weapons
 12466 | Orc:1    | Found Joexoam's Jewellery Emporium.
 12520 | Orc:2    | Entered Level 2 of the Orcish Mines
 12598 | Orc:2    | Reached ****** piety under Fedhas
 12627 | Orc:2    | Found a burning altar of Makhleb.
 12870 | Orc:2    | Found a staircase to the Elven Halls.
 13220 | Orc:2    | Noticed an orc high priest
 13366 | Orc:2    | Noticed an orc high priest
 13389 | Orc:2    | Killed an orc high priest
 13475 | Orc:2    | Noticed Saint Roka
 13661 | D:10     | Bought a +5 orcbow for 305 gold pieces
 13750 | Lair:1   | Entered Level 1 of the Lair of Beasts
 13751 | Lair:1   | Noticed a four-headed hydra
 13756 | Lair:1   | Killed a four-headed hydra
 14228 | Lair:1   | Reached skill level 16 in Ranged Weapons
 14548 | Lair:2   | Reached XP level 13. HP: 119/119 MP: 17/17
 14650 | Lair:2   | Found a hole to the Spider Nest.
 14692 | Lair:2   | Noticed Urug
 14697 | Lair:2   | Killed Urug
 14976 | Lair:2   | Found a staircase to the Shoals.
 15182 | Lair:2   | Reached skill level 17 in Ranged Weapons
 15506 | Lair:3   | Found a runed translucent door.
 15542 | Lair:3   | Found a transporter.
 15720 | Lair:3   | Noticed wireframewife's ghost (journeyman KoDe)
 16289 | Lair:3   | Found a transporter.
 16630 | Lair:4   | Reached skill level 5 in Translocations
 16763 | Lair:4   | Reached XP level 14. HP: 132/132 MP: 19/19
 16767 | Lair:4   | Reached skill level 18 in Ranged Weapons
 16931 | Lair:4   | Identified a scroll of acquirement
 16931 | Lair:4   | Acquired the +0 hat of Protective Custody {rC+ Int+2}
 17211 | Lair:5   | Entered Level 5 of the Lair of Beasts
 17527 | Lair:5   | Found a viscous altar of Jiyva.
 17536 | Lair:5   | Found a staircase to the Slime Pits.
 18134 | Lair:5   | Found a burning altar of Makhleb.
 18202 | Lair:5   | Reached skill level 19 in Ranged Weapons
 18212 | Lair:5   | Found a gateway to Hell.
 18561 | D:2      | Killed Crazy Yiuf
 18688 | D:4      | Killed Edmund
 18758 | D:4      | Killed Sigmund
 19063 | Orc:2    | Found Ridusm's Jewellery Emporium.
 19290 | Orc:2    | Killed Saint Roka
 19291 | Orc:2    | Reached skill level 15 in Fighting
 19386 | Orc:2    | Found Ycvoom's Antique Weapon Shoppe.
 19388 | Orc:2    | Found Pihah's Antique Armour Emporium.
 19401 | Orc:2    | Bought a runed orcbow for 162 gold pieces
 19401 | Orc:2    | Bought a runed arbalest for 187 gold pieces
 19480 | D:12     | Found Zunoto's Antique Weapon Shop.
 19562 | D:12     | Found Plog's Weapon Shop.
 19756 | D:12     | Noticed Rupert
 19760 | D:12     | Paralysed by Rupert for 4 turns
 19770 | D:12     | Paralysed by Rupert for 3 turns
 19774 | D:12     | Killed Rupert
 19873 | D:12     | Found Nuygh's General Store.
 19897 | D:12     | Found Voseus Xorche's General Store.
 20226 | D:12     | Reached XP level 15. HP: 141/141 MP: 20/20
 20518 | D:13     | Found a sacrificial altar of Ru.
 20732 | D:13     | Found a gate to the Vaults.
 21058 | D:14     | Reached skill level 10 in Armour
 21153 | D:14     | Reached skill level 20 in Ranged Weapons
 21189 | D:14     | Found Osuyb's Magic Scroll Boutique.
 21700 | D:14     | Reached skill level 10 in Dodging
 21871 | D:15     | Entered Level 15 of the Dungeon
 21871 | D:15     | Noticed Azrael
 21872 | D:15     | Noticed Louise
 22063 | D:15     | Killed Louise
 22115 | D:15     | Noticed Jorgrun
 22122 | D:15     | Killed Jorgrun
 22211 | D:14     | Demolished by a skeletal warrior

Illustrated notes

Levels and vault maps discovered:
D:1:      saegor_arrival_simple_e, layout_rooms, basic_ecumenical_altar
D:2:      layout_basic, basic_altar, kennysheep_cross_bottleneck,
          corexii_item_surrounded_by_moat, minmay_split_cup_large, uniq_natasha,
          uniq_crazy_yiuf_cottage
D:3:      layout_loops_corners, serial_shops, nicolae_shop_rolling_square,
          uniq_grinder
D:4:      minmay_spotlight, layout_loops_ring, uniq_edmund, uniq_sigmund,
          uniq_robin, uniq_blork_the_orc
D:5:      layout_loops_ring, serial_shops, nicolae_shop_pleasant_corner_grove
D:6:      layout_basic, temple_hall, nicolae_shop_overcharged_wands
D:7:      layout_loops_cross, nicolae_hepliaklqana_monster_ancestors,
          minmay_misc_feat_roman, due_unseen_surprise, uniq_pikel, uniq_duvessa
D:8:      layout_loops_cross, jmf_multi_god_temple,
          grunt_lair_entry_orc_guard_hut, nicolae_shop_sticking_my_neck_out
D:9:      layout_rooms, lemuel_crystal_altar, bloody_makhleb, zombieorc2_lemuel,
          enter_bailey_3, st_stairs_1
D:10:     layout_cave_pools, serial_gnoll_camp, gnoll_camp_mini_doghouse,
          gnoll_camp_mini_loothouse, gnoll_camp_mini_shop, gnoll_camp_mini_shop,
          kennysheep_big_empty_room, uniq_joseph, uniq_josephine
D:11:     giant_chief_lemuel, layout_cave_pods, minmay_beelzebubs_servants
D:12:     layout_stronghold, serial_shops, nicolae_shop_behind_doors, shop,
          nicolae_shop_tiny_glass, shop, uniq_rupert
D:13:     layout_basic, erik_vaults_1, hangedman_ru_absence
D:14:     layout_basic, dreamdust_princess_bridge, nicolae_take_the_stairs
D:15:     grunt_enter_depths_hoard, layout_cave_pools,
          chequers_serial_rivers_marsh, portal_ice_cave_entry_ice_statue_one,
          uniq_louise, uniq_jorgrun, uniq_azrael
Temple:   nicolae_temple_bog_church
Lair:1:   layout_chaotic_city, grunt_megastairs_2, infiniplex_staircase_pool
Lair:2:   layout_cave_shapes, shoals_dummy_entry,
          nicolae_spider_entry_orb_guardian, uniq_urug
Lair:3:   gammafunk_cloud_chamber, layout_cave_pods,
          ebering_ghost_reflecting_pool, nicolae_lair_liquid_snakes
Lair:4:   beast_lair_carwin_large_4, layout_gridlike, grunt_megastairs_5
Lair:5:   evil_forest, layout_loops_ring, nicolae_slime_entry_field_trip,
          chequers_serial_rivers_micro_a
Orc:1:    layout_diamond_mine, serial_shops, shop, nicolae_shop_self_help
Orc:2:    grunt_orc_community_town_hall, layout_caves,
          grunt_orc_community_big_house_2, grunt_orc_community_big_house_1,
          grunt_orc_community_house_1, grunt_orc_community_house_3,
          grunt_orc_community_house_3, grunt_orc_community_house_3, basic_altar

Skill      XL: |  1  2  3  4  5  6  7  8  9 10 11 12 13 14 15 |
---------------+----------------------------------------------+-----
Stealth        | 1 |  1.0
Armour         | 1 2 3 4 5 7 9 10 | 10.0
Ranged Weapons | 5 6 7 8 10 12 13 14 16 17 19 20 | 20.8
Fighting       | 3 4 5 7 9 10 11 12 14 15 16 | 16.3
Dodging        | 3 4 6 7 8 10 | 10.0
Evocations     | 1 2 3 |  3.0
Invocations    | 4 5 7 8 |  8.0
Translocations | 2 3 5 |  5.0
Spellcasting   | 2 3 |  3.0

Action                     |  1- 3 |  4- 6 |  7- 9 | 10-12 | 13-15 || total
---------------------------+-------+-------+-------+-------+-------++-------
   Fire: Shortbow          |   125 |   123 |   521 |  1173 |       ||  1942
         Orcbow            |       |       |       |   110 |  1159 ||  1269
  Throw: Javelin           |     1 |       |       |       |       ||     1
         Dart              |       |       |    24 |     3 |       ||    27
         Throwing net      |       |       |       |     1 |       ||     1
 Invoke: Wall of Briars    |       |       |       |       |     1 ||     1
  Evoke: Wand              |       |     9 |     5 |     7 |     7 ||    28
    Use: Scroll            |     1 |     8 |     6 |    10 |    11 ||    36
         Potion            |       |       |     1 |       |     5 ||     6
 Armour: Leather armour    |    33 |    14 |   151 |   237 |   191 ||   626
         Ring mail         |       |    37 |       |       |       ||    37
         Skin              |       |       |       |       |    23 ||    23
  Dodge: Dodged            |    27 |    36 |   117 |   284 |   259 ||   723

Table legend: (Time is in decaauts)
 A = Elapsed time spent in this place.
 B = Non-inter-level travel time spent in this place.
 C = Inter-level travel time spent in this place.
 D = Time resting spent in this place.
 E = Time spent auto-exploring this place.
 F = Levels seen in this place.
 G = Mean time per level.
                   A        B        C        D        E       F      G
               +--------+--------+--------+--------+--------+-----+--------+
         Total |  21650 |  19298 |   2352 |   1852 |  12037 |  24 |  902.1 |
       Dungeon |  14725 |  13096 |   1629 |   1268 |   8356 |  15 |  981.7 |
        Temple |     36 |      4 |     32 |      0 |      0 |   1 |   36.0 |
          Lair |   4459 |   4102 |    357 |    306 |   2787 |   5 |  891.8 |
  Orcish Mines |   1935 |   1602 |    333 |    114 |    801 |   2 |  967.5 |
        Bailey |    493 |    493 |      0 |    163 |     92 |   1 |  493.0 |
               +--------+--------+--------+--------+--------+-----+--------+

Top non-repeatable levels by time:
     D:4: 1645 daAuts
     D:7: 1466 daAuts
    D:11: 1160 daAuts
     D:2: 1129 daAuts
     D:9: 1100 daAuts
   Orc:2: 1070 daAuts
     D:8: 1061 daAuts
  Lair:5: 1043 daAuts
  Lair:4: 1043 daAuts
     D:3: 1026 daAuts
    D:10: 1016 daAuts
    D:12: 1015 daAuts
     D:6: 953 daAuts
    D:14: 915 daAuts
     D:5: 900 daAuts
